[Event "Titled Tuesday Blitz April 12 Early 2022"]
[White "Tregubov, Pavel V."]
[Black "Pesotskiy, Mikhail"]
[WhiteFideId "4115341"]
[BlackFideId "34164453"]
[WhiteElo "2341"]
[BlackElo "2010"]
[Result "0-1"]
[Round "03"]
[TimeControl "180+1"]
[Date "2022.04.13"]
[WhiteClock "0:00:16"]
[BlackClock "0:00:45"]

1. e4 e6 2. d4 d5 3. exd5 exd5 4. Nf3 Bd6 5. c4 Nf6 6. c5 Be7 7. Bd3 O-O 8. O-O b6 9. Be3 Re8 10. h3 Nbd7 11. b4 a5 12. c6 Nf8 13. b5 Ng6 14. Nc3 Be6 15. Re1 Bb4 16. Qc2 Ne4 17. Bxe4 dxe4 18. Nd2 f5 19. f4 Qh4 20. Rf1 Rad8 21. a3 Bxc3 22. Qxc3 Ne7 23. Rae1 Nd5 24. Qb2 Qf6 25. Nc4 Nxe3 26. Nxe3 Qxd4 27. Qxd4 Rxd4 28. Rd1 Red8 29. Rxd4 Rxd4 30. g4 g6 31. gxf5 gxf5 32. Kf2 Rd2+ 33. Ke1 Rd3 34. Kf2 Rxa3 35. Rg1+ Kf7 36. Rg5 h6 37. Rg1 Ra2+ 38. Kg3 Ra3 39. Kf2 Rb3 40. Rd1 Rxb5 41. Rd8 Rc5 42. Rh8 Kg7 43. Re8 Rxc6 0-1


[Site "https://www.chess.com"]

[Event "Titled Tuesday Blitz April 12 Early 2022"]
[White "Tuleyeva-Aketayeva, Dana"]
[Black "Jakubowska, Anna"]
[WhiteFideId "13701932"]
[BlackFideId "1121952"]
[WhiteElo "1875"]
[BlackElo "1924"]
[Result "0-1"]
[Round "03"]
[TimeControl "180+1"]
[Date "2022.04.13"]
[WhiteClock "0:00:02"]
[BlackClock "0:01:59"]

1. d4 f5 2. Nf3 Nf6 3. g3 g6 4. Bg2 Bg7 5. O-O O-O 6. c4 d6 7. Nc3 Nc6 8. d5 Ne5 9. Nxe5 dxe5 10. c5 e4 11. Be3 e6 12. d6 cxd6 13. cxd6 Ne8 14. Bc5 Bd7 15. Qb3 b6 16. Ba3 Be5 17. Rad1 Rc8 18. f4 Bg7 19. e3 a6 20. Rd2 b5 21. Rfd1 Qb6 22. Nb1 a5 23. Bb4 axb4 24. Qxb4 Nf6 25. Re2 Nd5 26. Qd2 Qxd6 27. Nc3 Bxc3 28. bxc3 Qc5 0-1


[Site "https://www.chess.com"]

[Event "Titled Tuesday Blitz April 12 Early 2022"]
[White "Uzuner, Tufan Can"]
[Black "Yeletsky, Ivan"]
[WhiteFideId "6300499"]
[BlackFideId "24180327"]
[WhiteElo "2063"]
[BlackElo "2319"]
[Result "1-0"]
[Round "03"]
[TimeControl "180+1"]
[Date "2022.04.13"]
[WhiteClock "0:00:50"]
[BlackClock "0:00:24"]

1. d4 Nf6 2. Nf3 d5 3. e3 Bf5 4. Bd3 e6 5. Bxf5 exf5 6. c4 Bb4+ 7. Bd2 a5 8. Qc2 dxc4 9. Qxf5 O-O 10. O-O c6 11. a4 Qd5 12. Qc2 Nbd7 13. Na3 b5 14. Rfe1 Ne4 15. Re2 h6 16. Be1 Nb6 17. axb5 cxb5 18. Nxb5 Rfc8 19. Nc3 Bxc3 20. Bxc3 Nd7 21. Nd2 f5 22. f3 Nxd2 23. Qxd2 a4 24. e4 fxe4 25. fxe4 Qg5 26. Qxg5 hxg5 27. d5 Nc5 28. e5 Nd3 29. d6 Re8 30. e6 Nf4 31. Rae1 Nxe2+ 32. Rxe2 Rad8 33. d7 Re7 34. Bb4 Rexd7 35. exd7 Rxd7 36. Kf2 Rd3 37. Rc2 Rb3 38. Ba3 Rb7 39. Rxc4 Ra7 40. h3 Kf7 41. Kf3 Kg6 42. Rc6+ Kf5 43. Rc5+ Kg6 44. Kg4 1-0


[Site "https://www.chess.com"]

[Event "Titled Tuesday Blitz April 12 Early 2022"]
[White "Vokarev, Sergey"]
[Black "Gallegos Diaz, Carlos Alberto"]
[WhiteFideId "4119711"]
[BlackFideId "3900886"]
[WhiteElo "2343"]
[BlackElo "2362"]
[Result "1-0"]
[Round "03"]
[TimeControl "180+1"]
[Date "2022.04.13"]
[WhiteClock "0:00:26"]
[BlackClock "0:00:12"]

1. e4 d6 2. d4 Nf6 3. Nc3 c6 4. f4 Qa5 5. Bd3 e5 6. Nf3 Nbd7 7. O-O Be7 8. Kh1 O-O 9. Qe1 Qc7 10. Bd2 Re8 11. a4 Bf8 12. Qh4 h6 13. dxe5 dxe5 14. fxe5 Nh7 15. Bc4 Nc5 16. Nd4 Be6 17. Nxe6 Nxe6 18. Rf5 Rad8 19. Be3 Qe7 20. Qxe7 Bxe7 21. Bxa7 Bb4 22. Raf1 Bxc3 23. bxc3 Rd7 24. h4 Nhf8 25. Be3 Ra8 26. Bb3 Ra5 27. Bb6 Ra8 28. a5 c5 29. Bd5 g6 30. Rf6 Kg7 31. c4 Re8 32. c3 Nh7 33. R6f2 Nhf8 34. g3 Rc8 35. Kg2 h5 36. Rb1 Nd8 37. Rfb2 Nfe6 38. Ba7 Ra8 39. Bb6 Nc6 40. Rb5 Nxe5 41. Bxc5 Nc7 42. Rxb7 Nxd5 43. cxd5 Rxb7 44. Rxb7 1-0


[Site "https://www.chess.com"]

[Event "Titled Tuesday Blitz April 12 Early 2022"]
[White "Vokhidov, Shamsiddin"]
[Black "Galperin, Platon"]
[WhiteFideId "14204223"]
[BlackFideId "14165414"]
[WhiteElo "2611"]
[BlackElo "2432"]
[Result "1-0"]
[Round "03"]
[TimeControl "180+1"]
[Date "2022.04.12"]
[WhiteClock "0:01:06"]
[BlackClock "0:00:02"]

1. e4 e5 2. Nf3 Nc6 3. Bb5 a6 4. Ba4 Nf6 5. O-O Be7 6. d3 b5 7. Bb3 O-O 8. Nc3 d6 9. a3 Bg4 10. Be3 Nd4 11. Bxd4 exd4 12. Nd5 c6 13. h3 Bxf3 14. Nxe7+ Qxe7 15. Qxf3 a5 16. a4 Rfb8 17. axb5 Rxb5 18. Ra4 Qe5 19. Qe2 d5 20. f4 Qe7 21. Re1 Rab8 22. exd5 Qxe2 23. Rxe2 cxd5 24. Rxd4 g6 25. Kf2 Rb4 26. Rxb4 Rxb4 27. g4 a4 28. Ba2 Rxb2 29. c3 Rb5 30. Ke3 Nd7 31. Kd4 Nb6 32. c4 dxc4 33. dxc4 Ra5 34. c5 Na8 35. Re8+ Kg7 36. Re7 h6 37. Rxf7+ Kh8 38. Rb7 a3 39. f5 gxf5 40. gxf5 Ra6 41. Ke5 Ra5 42. Kd5 h5 43. f6 h4 44. Kd4 Ra4+ 45. Ke3 Ra5 46. Rb8+ Kh7 47. f7 Rxc5 48. f8=Q Re5+ 49. Kf4 Re6 1-0


[Site "https://www.chess.com"]

[Event "Titled Tuesday Blitz April 12 Early 2022"]
[White "Vovk, Orest"]
[Black "Aitbayev, Aslan"]
[WhiteFideId "14113490"]
[BlackFideId "13704613"]
[WhiteElo "2203"]
[BlackElo "2385"]
[Result "0-1"]
[Round "03"]
[TimeControl "180+1"]
[Date "2022.04.13"]
[WhiteClock "0:00:23"]
[BlackClock "0:00:22"]

1. h4 d5 2. h5 h6 3. e4 dxe4 4. Nc3 Nf6 5. Qe2 Nc6 6. Nxe4 Nd4 7. Nxf6+ gxf6 8. Qd1 Bf5 9. d3 Qd7 10. c3 Nc6 11. Be3 O-O-O 12. Qa4 Kb8 13. O-O-O e5 14. Rh4 a6 15. g3 Ne7 16. Qa5 Qd5 17. Qa4 Bd7 18. Qb3 Qxb3 19. axb3 Nf5 20. Rh2 Rg8 21. Bd2 Bc5 22. Nf3 Bc6 23. Be2 Bb5 24. c4 Bc6 25. Nh4 Nd4 26. Bf1 Nxb3+ 27. Kb1 Nxd2+ 28. Rxd2 Be4 29. Kc2 Bh7 30. Bg2 Rg4 31. Bf3 Rxc4+ 32. Kd1 Rxd3 33. g4 Rxd2+ 34. Kxd2 Rc2+ 35. Ke1 Rxb2 36. Bd5 c6 37. Bxf7 Bd3 38. Bg6 Bb4+ 0-1


[Site "https://www.chess.com"]

[Event "Titled Tuesday Blitz April 12 Early 2022"]
[White "Wagh Suyog"]
[Black "Indjic, Aleksandar"]
[WhiteFideId "25071688"]
[BlackFideId "911925"]
[WhiteElo "2181"]
[BlackElo "2616"]
[Result "1-0"]
[Round "03"]
[TimeControl "180+1"]
[Date "2022.04.12"]
[WhiteClock "0:02:16"]
[BlackClock "0:02:09"]

1. e4 c6 2. d4 d5 3. e5 c5 4. dxc5 e6 5. a3 Bxc5 6. b4 Be7 7. Bb2 a5 8. b5 Nd7 9. Nf3 f6 10. Bd3 fxe5 11. Nxe5 Nxe5 12. Bxe5 Nf6 13. O-O Bd6 14. Re1 Bxe5 15. Rxe5 Qd6 16. Qe2 g6 17. h3 Nd7 18. Rxe6+ 1-0


[Site "https://www.chess.com"]

[Event "Titled Tuesday Blitz April 12 Early 2022"]
[White "Weetik, Vjacheslav"]
[Black "Alinasab, Mobina"]
[WhiteFideId "4153472"]
[BlackFideId "12528897"]
[WhiteElo "2469"]
[BlackElo "2031"]
[Result "0-1"]
[Round "03"]
[TimeControl "180+1"]
[Date "2022.04.13"]
[WhiteClock "0:00:02"]
[BlackClock "0:00:07"]

1. d4 Nf6 2. Nf3 e6 3. c4 d5 4. Nc3 Bb4 5. e3 O-O 6. a3 Bxc3+ 7. bxc3 b6 8. cxd5 exd5 9. Bd3 Ba6 10. O-O Bxd3 11. Qxd3 Nc6 12. c4 dxc4 13. Qxc4 Qd5 14. Qxd5 Nxd5 15. Bd2 Nce7 16. Rac1 Rac8 17. e4 Nf6 18. Rfe1 Rfe8 19. Ne5 c5 20. dxc5 Rxc5 21. Rxc5 bxc5 22. f3 Ng6 23. Nc4 Rd8 24. Be3 Rd3 25. Rc1 Nd7 26. Kf2 h5 27. g3 Rb3 28. f4 Ngf8 29. e5 Ne6 30. f5 Nd4 31. Bxd4 cxd4 32. e6 fxe6 33. fxe6 Nf6 34. Ne5 Rb6 35. Rc8+ Kh7 36. e7 Re6 37. Nc6 Kg6 38. Nxd4 Rxe7 39. h3 Ne4+ 40. Kf3 Ng5+ 41. Kg2 Re4 42. Nc6 Re2+ 43. Kf1 Ra2 44. Nxa7 Rxa3 45. Rc6+ Kh7 46. h4 Ne4 47. Nb5 Rxg3 48. Re6 Nf6 0-1


[Site "https://www.chess.com"]

[Event "Titled Tuesday Blitz April 12 Early 2022"]
[White "Wesolowska, Hanna"]
[Black "Nozdrachev, Leonid"]
[WhiteFideId "1104683"]
[BlackFideId "24113433"]
[WhiteElo "2300"]
[BlackElo "2242"]
[Result "0-1"]
[Round "03"]
[TimeControl "180+1"]
[Date "2022.04.13"]
[WhiteClock "0:01:10"]
[BlackClock "0:01:50"]

1. e4 a6 2. d4 h5 3. Nc3 b5 4. a3 Bb7 5. Nf3 h4 6. h3 e6 7. Bd3 Be7 8. Qe2 d6 9. Bf4 Nd7 10. Rd1 g5 11. Bc1 Nf8 12. Nh2 Ng6 13. Ng4 Nh6 14. Nxh6 Rxh6 15. O-O Rh7 16. d5 e5 17. Rde1 Qd7 18. Nxb5 axb5 19. Bxb5 c6 20. dxc6 Bxc6 21. Bc4 Kf8 22. Qf3 Nf4 23. Bxf4 gxf4 24. Rd1 Rg7 25. Kh1 Kg8 26. Qh5 Bd8 27. Qh6 Be7 28. Rd3 Bxe4 29. Rf3 Bxf3 0-1


[Site "https://www.chess.com"]

[Event "Titled Tuesday Blitz April 12 Early 2022"]
[White "Winkels, Marcel"]
[Black "Reprintsev, Alexander"]
[WhiteFideId "1003887"]
[BlackFideId "14100541"]
[WhiteElo "1900"]
[BlackElo "2108"]
[Result "0-1"]
[Round "03"]
[TimeControl "180+1"]
[Date "2022.04.13"]
[WhiteClock "0:00:21"]
[BlackClock "0:00:54"]

1. e4 d5 2. exd5 Qxd5 3. Nc3 Qa5 4. d4 Nf6 5. Bd2 Bg4 6. Nf3 e6 7. h3 Bh5 8. g4 Bg6 9. Ne5 Bb4 10. Bg2 c6 11. h4 Bxc3 12. Bxc3 Qa6 13. h5 Be4 14. Bxe4 Nxe4 15. Qf3 Nd6 16. Bb4 f6 17. Bxd6 fxe5 18. Bxe5 Rf8 19. Qe4 Nd7 20. Bxg7 Rf7 21. Qxh7 O-O-O 22. Qg6 Rf4 23. a3 Qc4 24. O-O-O Qa2 25. c3 Rxf2 26. Qb1 Qb3 27. h6 Nf8 28. h7 Nxh7 29. Rxh7 Rg8 30. Rh8 Rxh8 31. Bxh8 Qb5 32. Be5 Qe2 33. g5 Qe3+ 0-1


[Site "https://www.chess.com"]

[Event "Titled Tuesday Blitz April 12 Early 2022"]
[White "Xu, Yi"]
[Black "Esipenko, Andrey"]
[WhiteFideId "8605564"]
[BlackFideId "24175439"]
[WhiteElo "2471"]
[BlackElo "2617"]
[Result "0-1"]
[Round "03"]
[TimeControl "180+1"]
[Date "2022.04.12"]
[WhiteClock "0:00:55"]
[BlackClock "0:01:46"]

1. e4 e5 2. Nf3 Nc6 3. Bc4 Nf6 4. d3 Be7 5. O-O O-O 6. Nc3 d6 7. a3 h6 8. h3 Re8 9. Re1 Bf8 10. d4 exd4 11. Nxd4 Nxd4 12. Qxd4 Be6 13. Bxe6 Rxe6 14. Bf4 c6 15. Rad1 Qb6 16. Qxb6 axb6 17. e5 Rae8 18. Kf1 dxe5 19. Be3 b5 20. Rd3 b4 21. axb4 Bxb4 22. Red1 b5 23. Ne2 Nd5 24. c3 Be7 25. Bc1 Ra8 26. Ng3 Kf8 27. Nf5 Bc5 28. Ne3 Bxe3 29. Bxe3 f6 30. Bc5+ Kf7 31. Ba3 Ra4 32. f3 e4 33. fxe4 Raxe4 34. Bc5 Rf4+ 35. Bf2 Ne3+ 36. Rxe3 Rxe3 37. g3 Rf5 38. g4 Rf4 0-1


[Site "https://www.chess.com"]

[Event "Titled Tuesday Blitz April 12 Early 2022"]
[White "Zaksaite, Salomeja"]
[Black "Hoang, Thi Bao Tram"]
[WhiteFideId "12801496"]
[BlackFideId "12401102"]
[WhiteElo "1953"]
[BlackElo "2125"]
[Result "0-1"]
[Round "03"]
[TimeControl "180+1"]
[Date "2022.04.13"]
[WhiteClock "0:00:01"]
[BlackClock "0:00:23"]

1. e4 c6 2. d4 d5 3. exd5 cxd5 4. c3 Nc6 5. Bd3 Nf6 6. h3 g6 7. Nf3 Bg7 8. O-O Qc7 9. Re1 O-O 10. Be3 Nh5 11. Qd2 Rd8 12. Na3 a6 13. Nc2 Bd7 14. Rab1 b5 15. Na1 Na5 16. Nb3 Nc4 17. Qc1 Qc8 18. Kh2 Qc7+ 19. Kg1 Be8 20. Nc5 Nxe3 21. Qxe3 e6 22. Ne5 Nf6 23. b4 Nd7 24. f4 Nxc5 25. bxc5 Qa5 26. Qd2 Rab8 27. Re2 Qc7 28. a3 Bh6 29. Rf2 f6 30. Ng4 Bg7 31. Qe2 Bf7 32. Re1 Qa5 33. Qb2 Qc7 34. g3 h5 35. Ne3 f5 36. Nf1 Bh6 37. h4 Bg7 38. Nh2 Bf6 39. Nf3 Kg7 40. Ne5 Bg8 41. Rfe2 Rdc8 42. Qb1 Qd8 43. Kg2 Qa5 44. Qb2 Qd8 45. Kh3 Qc7 46. Rb1 Qd8 47. Ree1 Qc7 48. Qe2 Qe7 49. Bc2 Qe8 50. Bd1 a5 51. Rb2 Rc7 52. Bc2 Rcb7 53. Reb1 Bd8 54. Bd3 b4 55. cxb4 axb4 56. axb4 Qa4 57. Qd2 Bc7 58. c6 Ra7 59. b5 Qxd4 60. Nxg6 Ra3 61. Ne5 Bxe5 62. fxe5 Qg4+ 63. Kh2 f4 64. Qxf4 Qxf4 65. gxf4 Rxd3 66. c7 Rc8 67. b6 Rc3 68. b7 R3xc7 69. bxc8=Q Rxc8 70. Rb7+ Kh6 71. Rg1 Bh7 72. Rg5 Bf5 73. Kg3 Rc3+ 74. Kf2 Rh3 75. Rb8 Kh7 76. Rb7+ Kh6 77. Rb8 Rxh4 78. Rh8+ Bh7 79. f5 Rf4+ 80. Ke3 Kxg5 81. f6 Re4+ 82. Kf3 Bg6 83. Rg8 Kf5 84. f7 Bxf7 85. Rf8 Kg6 0-1


[Site "https://www.chess.com"]

[Event "Titled Tuesday Blitz April 12 Early 2022"]
[White "Zemlyanskii, Ivan"]
[Black "Dreev, Aleksey"]
[WhiteFideId "24249971"]
[BlackFideId "4100107"]
[WhiteElo "1759"]
[BlackElo "2625"]
[Result "1/2-1/2"]
[Round "03"]
[TimeControl "180+1"]
[Date "2022.04.12"]
[WhiteClock "0:00:03"]
[BlackClock "0:00:09"]

1. d4 d5 2. c4 e6 3. Nc3 Nf6 4. Bg5 Nbd7 5. cxd5 exd5 6. e3 c6 7. Bd3 Be7 8. Qc2 Nh5 9. Bxe7 Qxe7 10. Be2 Nhf6 11. Bd3 Nb6 12. Nge2 O-O 13. O-O Re8 14. Rae1 Nc4 15. Ng3 Nd6 16. f3 Qd8 17. Kh1 Qb6 18. Na4 Qa5 19. e4 Nb5 20. Bxb5 cxb5 21. Nc5 b6 22. Nb3 Qb4 23. e5 Nd7 24. Nf5 Nf8 25. Nd6 Rd8 26. f4 a5 27. Qc7 Bd7 28. Qxb6 a4 29. Qc5 Qxc5 30. Nxc5 g6 31. Rc1 b4 32. Rf2 h5 33. Rfc2 Bf5 34. Rd2 Rdb8 35. h3 h4 36. Re2 Ra7 37. Kh2 Rc7 38. Re3 Ne6 39. Rd1 Nxc5 40. dxc5 Rxc5 41. Nxf5 gxf5 42. Red3 Rbb5 43. Rd4 Kf8 44. R1d2 Ke7 45. g3 hxg3+ 46. Kxg3 Ke6 47. h4 a3 48. b3 Rc3+ 49. R4d3 Rbc5 50. h5 Rxd3+ 51. Rxd3 Rc3 52. Rf3 d4 53. h6 d3 54. h7 d2 55. Rxc3 d1=Q 56. h8=Q Qg1+ 57. Kf3 Qf1+ 58. Kg3 Qe1+ 59. Kg2 Qd2+ 60. Kf1 Qd1+ 61. Kg2 Qe2+ 62. Kg1 Qg4+ 63. Kh1 Qd1+ 64. Kg2 Qd2+ 65. Kh1 Qd1+ 66. Kg2 1/2-1/2


[Site "https://www.chess.com"]

[Event "Titled Tuesday Blitz April 12 Early 2022"]
[White "Zhao, Jun"]
[Black "Dushyant Sharma"]
[WhiteFideId "8602522"]
[BlackFideId "25065130"]
[WhiteElo "2547"]
[BlackElo "2105"]
[Result "1-0"]
[Round "03"]
[TimeControl "180+1"]
[Date "2022.04.13"]
[WhiteClock "0:01:50"]
[BlackClock "0:01:07"]

1. d4 d5 2. c4 e6 3. Nc3 c6 4. Nf3 f5 5. e3 Nf6 6. Bd3 Bd6 7. O-O O-O 8. b3 Ne4 9. Ne2 Nd7 10. a4 Qe7 11. Bb2 b6 12. Qc1 Bb7 13. a5 c5 14. a6 Bc6 15. Ne5 Nxe5 16. dxe5 Bc7 17. f3 Ng5 18. Qc2 Rad8 19. Rad1 h5 20. Nf4 Qf7 21. h4 Nh7 22. cxd5 exd5 23. e6 Qe7 24. Bxf5 Nf6 25. Ng6 Qd6 26. Be5 Qxe5 27. Nxe5 Bxe5 28. e7 1-0


[Site "https://www.chess.com"]

[Event "Titled Tuesday Blitz April 12 Early 2022"]
[White "Zhigalko, Sergei"]
[Black "Gunina, Valentina"]
[WhiteFideId "13502956"]
[BlackFideId "4167570"]
[WhiteElo "2662"]
[BlackElo "2381"]
[Result "0-1"]
[Round "03"]
[TimeControl "180+1"]
[Date "2022.04.12"]
[WhiteClock "0:00:01"]
[BlackClock "0:00:57"]

1. e4 c6 2. d4 d5 3. e5 c5 4. Nf3 cxd4 5. Qxd4 Nc6 6. Qf4 e6 7. Bd3 Qc7 8. Nc3 a6 9. O-O f5 10. Bxf5 d4 11. Nxd4 Nxd4 12. Qxd4 exf5 13. Nd5 Qc6 14. Rd1 Be6 15. c4 Bc5 16. Qh4 b5 17. Be3 Bxe3 18. Nxe3 Qe4 19. Qg5 Kf7 20. Rd6 Qxe5 21. Rad1 Nf6 22. Rb6 Rhb8 23. Rbd6 bxc4 24. h3 h6 25. Qh4 Qe4 26. Qg3 f4 27. Qf3 Qxf3 0-1


[Site "https://www.chess.com"]

[Event "Titled Tuesday Blitz April 12 Early 2022"]
[White "Zia, Tahsin Tajwar"]
[Black "Ovezdurdyyeva, Jemal"]
[WhiteFideId "10211888"]
[BlackFideId "14001888"]
[WhiteElo "1800"]
[BlackElo "1946"]
[Result "1-0"]
[Round "03"]
[TimeControl "180+1"]
[Date "2022.04.13"]
[WhiteClock "0:01:59"]
[BlackClock "0:00:28"]

1. e4 d6 2. d4 Nf6 3. Nc3 g6 4. Bg5 Bg7 5. Nf3 c6 6. Qd2 b5 7. Bh6 Bxh6 8. Qxh6 b4 9. Ne2 Nxe4 10. Qg7 Rf8 11. Ng3 Nf6 12. Ng5 h5 13. N3e4 Nbd7 14. O-O-O Qa5 15. Bc4 d5 16. Nxf6+ exf6 17. Rhe1+ Kd8 18. Nxf7+ Rxf7 19. Qxf7 dxc4 20. d5 cxd5 21. Rxd5 Qxa2 22. Re8+ Kc7 23. Rxc8+ Rxc8 24. Qxd7+ Kb6 25. Rb5+ Ka6 26. Qb7# 1-0


[Site "https://www.chess.com"]

[Event "Titled Tuesday Blitz April 12 Early 2022"]
[White "Abdusattorov, Nodirbek"]
[Black "Svane, Frederik"]
[WhiteFideId "14204118"]
[BlackFideId "12923044"]
[WhiteElo "2663"]
[BlackElo "2459"]
[Result "1/2-1/2"]
[Round "04"]
[TimeControl "180+1"]
[Date "2022.04.12"]
[WhiteClock "0:00:39"]
[BlackClock "0:00:09"]

1. d4 Nf6 2. c4 e6 3. Nf3 d5 4. Nc3 c5 5. e3 dxc4 6. Bxc4 a6 7. O-O b5 8. Bd3 Bb7 9. dxc5 Nbd7 10. b4 Be7 11. Bb2 O-O 12. a3 Bxf3 13. gxf3 Ne5 14. Be2 Qc7 15. f4 Rfd8 16. Qc2 Ng6 17. Ne4 Nd5 18. Rfd1 a5 19. Nc3 Nxc3 20. Bxc3 Rab8 21. Rxd8+ Bxd8 22. Rd1 Be7 23. Qd3 Qc6 24. Qd7 Qe4 25. c6 Nh4 26. f3 Qxe3+ 27. Kf1 Nxf3 28. Bxf3 Qxf3+ 29. Kg1 Qe3+ 30. Kf1 Qf3+ 31. Kg1 Qg4+ 32. Kh1 Qf3+ 33. Kg1 1/2-1/2


[Site "https://www.chess.com"]

[Event "Titled Tuesday Blitz April 12 Early 2022"]
[White "Aitbayev, Aslan"]
[Black "Kadam, Om Manish"]
[WhiteFideId "13704613"]
[BlackFideId "45076294"]
[WhiteElo "2385"]
[BlackElo "1729"]
[Result "1-0"]
[Round "04"]
[TimeControl "180+1"]
[Date "2022.04.13"]
[WhiteClock "0:00:38"]
[BlackClock "0:00:13"]

1. e4 c5 2. Nf3 d6 3. c3 Nf6 4. Bd3 g6 5. O-O Bg7 6. h3 O-O 7. Bc2 Nc6 8. d4 cxd4 9. cxd4 d5 10. e5 Ne4 11. Nc3 Nxc3 12. bxc3 Bd7 13. Rb1 b6 14. Ba3 Rc8 15. Nd2 Na5 16. Qf3 Be6 17. Rfc1 Qd7 18. Bb4 Nc6 19. Ba4 a6 20. Qe3 Rc7 21. Ba3 Rfc8 22. Rxb6 Rb7 23. Rcb1 Rxb6 24. Rxb6 Rc7 25. Rxa6 Qc8 26. Rxc6 Rxc6 27. Bxc6 Qxc6 28. Bxe7 Qa4 29. a3 Qc2 30. Kh2 h5 31. Nf3 Bf5 32. Bf6 Bf8 33. Ng5 Bxa3 34. e6 fxe6 35. Qe5 Qxf2 36. Qc7 Be4 37. Qg7# 1-0


[Site "https://www.chess.com"]

[Event "Titled Tuesday Blitz April 12 Early 2022"]
[White "Alinasab, Mobina"]
[Black "Zhu, Jiner"]
[WhiteFideId "12528897"]
[BlackFideId "8608059"]
[WhiteElo "2031"]
[BlackElo "2281"]
[Result "0-1"]
[Round "04"]
[TimeControl "180+1"]
[Date "2022.04.13"]
[WhiteClock "0:00:00"]
[BlackClock "0:00:39"]

1. e4 c5 2. Nf3 Nc6 3. d4 cxd4 4. Nxd4 Nf6 5. Nc3 e5 6. Ndb5 d6 7. Bg5 a6 8. Na3 b5 9. Bxf6 gxf6 10. Nd5 Bg7 11. Bd3 O-O 12. Qh5 Ne7 13. O-O f5 14. Nxe7+ Qxe7 15. c4 Rb8 16. exf5 e4 17. Rae1 Bb7 18. cxb5 d5 19. bxa6 Ba8 20. Nb1 Rxb2 21. Re3 Qf6 22. Be2 Rfb8 23. Nd2 Rxd2 24. Rg3 Rxa2 25. a7 Rxa7 26. Qg4 Kh8 27. Qh5 Ra1 28. h3 Rxf1+ 29. Bxf1 d4 30. Ra3 d3 31. g4 d2 32. Be2 Rd8 33. Bd1 Qb2 34. Rb3 Qe5 35. Kf1 Bd5 0-1


[Site "https://www.chess.com"]

[Event "Titled Tuesday Blitz April 12 Early 2022"]
[White "Almeida Junior, Alvaro Alves de"]
[Black "Papp, Levente"]
[WhiteFideId "2149974"]
[BlackFideId "751243"]
[WhiteElo "2086"]
[BlackElo "2308"]
[Result "0-1"]
[Round "04"]
[TimeControl "180+1"]
[Date "2022.04.13"]
[WhiteClock "0:00:01"]
[BlackClock "0:00:47"]

1. e4 e6 2. d4 d5 3. Nd2 Nf6 4. e5 Nfd7 5. Bd3 c5 6. c3 Nc6 7. Ne2 cxd4 8. cxd4 f6 9. exf6 Nxf6 10. Nf3 Bd6 11. O-O O-O 12. g3 e5 13. dxe5 Nxe5 14. Nxe5 Bxe5 15. Bf4 Bd6 16. Qc2 Bg4 17. Bxd6 Qxd6 18. Nd4 Rfe8 19. Rfe1 Qb4 20. Qc3 Qb6 21. Bf5 Bxf5 22. Nxf5 g6 23. Nd4 Ne4 24. Qd3 Qxb2 25. Qe2 Qxd4 0-1


[Site "https://www.chess.com"]

[Event "Titled Tuesday Blitz April 12 Early 2022"]
[White "Artemenko, Oleg"]
[Black "Demchenko, Anton"]
[WhiteFideId "14201798"]
[BlackFideId "4160258"]
[WhiteElo "2287"]
[BlackElo "2539"]
[Result "1-0"]
[Round "04"]
[TimeControl "180+1"]
[Date "2022.04.12"]
[WhiteClock "0:00:11"]
[BlackClock "0:00:03"]

1. d4 Nf6 2. Nc3 g6 3. e4 d6 4. f4 Bg7 5. Bd3 O-O 6. Nf3 Na6 7. e5 Nd7 8. Ne4 c5 9. c3 cxd4 10. cxd4 Nb4 11. Bb1 Nb6 12. a3 N4d5 13. O-O Bd7 14. Qe1 Rc8 15. Qh4 f6 16. exd6 Bf5 17. dxe7 Qxe7 18. Nc5 Bxb1 19. Rxb1 Nc4 20. Re1 Qf7 21. b3 Nd6 22. Bd2 Rfe8 23. Rxe8+ Rxe8 24. Re1 b6 25. Nd3 Ne4 26. f5 gxf5 27. Bh6 Ne7 28. Bxg7 Kxg7 29. Nf4 Kh8 30. Re3 Rg8 31. h3 a5 32. Kh2 Rc8 33. Qe1 Ng6 34. Nxg6+ hxg6 35. Nd2 Qc7+ 36. Kh1 Nxd2 37. Qxd2 Qc1+ 38. Qxc1 Rxc1+ 39. Kh2 Rb1 40. d5 Kg7 41. d6 Rd1 42. Re7+ Kh6 43. d7 Kg5 44. Kg3 Rd3+ 45. Kf2 f4 46. Ke2 Rd6 47. b4 axb4 48. axb4 b5 49. Kf3 Kf5 50. h4 Rd3+ 51. Ke2 Rd4 52. Kf3 Rd6 53. g4+ fxg3 54. Kxg3 Rd3+ 55. Kf2 Rd6 56. Ke3 g5 57. h5 g4 58. h6 g3 59. h7 g2 60. Kf2 Rd2+ 61. Kg1 Kf4 62. h8=Q Kf3 63. Qh3+ Kf4 64. Qh6+ Kf5 65. Qxd2 1-0


[Site "https://www.chess.com"]

[Event "Titled Tuesday Blitz April 12 Early 2022"]
[White "Aslanov, Umid"]
[Black "Secheres, Adrian-Simion"]
[WhiteFideId "13412620"]
[BlackFideId "1217445"]
[WhiteElo "1796"]
[BlackElo "2277"]
[Result "0-1"]
[Round "04"]
[TimeControl "180+1"]
[Date "2022.04.13"]
[WhiteClock "0:00:03"]
[BlackClock "0:00:30"]

1. e4 Nc6 2. d4 d6 3. Nf3 Nf6 4. Nc3 g6 5. Be2 Bg7 6. O-O O-O 7. h3 e5 8. Be3 Re8 9. dxe5 Nxe5 10. Nxe5 Rxe5 11. f4 Re8 12. Bf3 Bd7 13. Re1 Bc6 14. Bd4 Nd7 15. Bxg7 Kxg7 16. Qd2 Qf6 17. Rad1 Rad8 18. g3 Nb6 19. Qe2 h5 20. f5 h4 21. g4 Qe5 22. Qf2 g5 23. Be2 f6 24. Bf1 Nd7 25. Bc4 Nc5 26. Bd5 a5 27. Kg2 Re7 28. Rd2 Be8 29. Bc4 c6 30. a4 b6 31. Rde2 Nd7 32. Qf3 Qc5 33. b3 Ne5 34. Qf2 Nxc4 35. Qxc5 dxc5 36. bxc4 Re5 37. Rd1 Rd4 38. Rxd4 cxd4 39. Nd1 c5 40. Nb2 Bc6 41. Kf3 Kf7 42. Nd3 Re8 43. Nb2 Ke7 44. Nd3 Kd6 45. Nb2 Re7 46. Re1 Kc7 47. Re2 Rd7 48. Re1 Rd8 49. Re2 Re8 50. Re1 Kd6 51. Re2 Rb8 52. Re1 Be8 53. Re2 Bf7 54. Re1 Ra8 55. Rd1 Bg8 56. Re1 b5 57. axb5 a4 58. Ra1 a3 59. Nd1 Bxc4 60. c3 Bxb5 61. cxd4 cxd4 62. Nf2 Ke5 63. Nd1 a2 64. Nb2 Ra3+ 65. Kf2 Kxe4 66. Nd1 Bc4 67. Nb2 Bd5 68. Re1+ Re3 69. Ra1 Rxh3 70. Kg2 Rg3+ 71. Kf2 Rxg4 72. Re1+ Kxf5 73. Nd3 Rg2+ 74. Kf1 Rh2 75. Nf2 h3 76. Ke2 Bc4+ 77. Kf3 Bd5+ 78. Kg3 Rg2+ 79. Kxh3 Rxf2 80. Kg3 Rf3+ 81. Kh2 Ra3 82. Ra1 Be4 83. Kg1 Bb1 84. Kh2 Kg4 85. Kg2 Rb3 86. Kf2 Rb2+ 87. Ke1 Kf3 88. Kd1 Ke3 89. Kc1 Rh2 0-1


[Site "https://www.chess.com"]

[Event "Titled Tuesday Blitz April 12 Early 2022"]
[White "Atakhan, Abtin"]
[Black "Lazavik, Denis"]
[WhiteFideId "22502203"]
[BlackFideId "13515110"]
[WhiteElo "2094"]
[BlackElo "2437"]
[Result "0-1"]
[Round "04"]
[TimeControl "180+1"]
[Date "2022.04.12"]
[WhiteClock "0:00:18"]
[BlackClock "0:00:16"]

1. c4 Nf6 2. g3 e6 3. Bg2 d5 4. Nf3 dxc4 5. O-O Nbd7 6. Qa4 a6 7. Qxc4 b5 8. Qc2 Bb7 9. b3 Be7 10. Bb2 O-O 11. d3 c5 12. Nbd2 Qb6 13. Rac1 Rac8 14. Qb1 Rfd8 15. Rfd1 Nd5 16. Ne4 N7f6 17. Ne5 Nxe4 18. Bxe4 Bf6 19. Qa1 Ne7 20. Bxb7 Qxb7 21. Ng4 Bxb2 22. Qxb2 Nf5 23. Ne5 Nd4 24. e3 Nf3+ 25. Nxf3 Qxf3 26. Rd2 Rd5 27. d4 h5 28. h4 c4 29. bxc4 bxc4 30. Rdc2 g5 31. Rxc4 Rxc4 32. Rxc4 gxh4 33. Rc8+ Kg7 34. Qb4 hxg3 35. Qf8+ Kf6 36. Qh8+ Kf5 0-1


[Site "https://www.chess.com"]